 Dungeon Crawl Stone Soup version 0.29.0-11-gd7f09526c8 (webtiles) character file.

Game seed: 12828963579442084735

5346 freelancePsychic the Fighter (level 10, -2/83 HPs)
             Began as a Formicid Fire Elementalist on Sept 5, 2022.
             Was a Follower of Vehumet.
             Succumbed to their own poison gas
             ... on level 9 of the Dungeon.
             The game lasted 00:22:59 (12160 turns).

freelancePsychic the Fighter (FoFE)                Turns: 12160, Time: 00:23:00

Health: -2/83      AC: 10    Str: 13    XL:     10   Next: 96%
Magic:  3/14       EV: 11    Int: 19    God:    Vehumet [*.....]
Gold:   163        SH:  5    Dex: 14    Spells: 9/15 levels left

rFire   . . .      SeeInvis +   a - +3 lajatang (flame)
rCold   . . .      Faith    .   B - +0 buckler
rNeg    + . .      Spirit   .   y - +2 acid dragon scales
rPois   .          Reflect  .   (helmet unavailable)
rElec   .          Harm     .   G - +0 cloak
rCorr   +          Rampage  .   d - +0 pair of gloves
Will    +....                   (no boots)
Stlth   ++........              (no amulet)
HPRegen 0.23/turn               s - ring of positive energy
MPRegen 0.14/turn               (no ring)

@: lethally poisoned (-2 -> -27)
A: permanent stasis, dig shafts and tunnels, antennae 3, four strong arms
a: Dig, Shaft Self, Renounce Religion


You were on level 9 of the Dungeon.
You worshipped Vehumet.
Vehumet was aware of your devotion.
You visited 2 branches of the dungeon, and saw 10 of its levels.
You also visited: Ossuary.

You collected 673 gold pieces.
You spent 510 gold pieces at shops.

Inventory:

Hand Weapons
 a - a +3 lajatang of flaming (weapon)
 q - the +7 great mace "Undeadhunter" {disrupt, rN+}
   (You found it on level 6 of the Dungeon)

   It inflicts significantly more damage against the undead.
   rN:        It protects you from negative energy.
Missiles
 j - a throwing net
Armour
 d - a +0 pair of gloves (worn)
 f - a +1 leather armour of cold resistance
 y - +2 acid dragon scales (worn)
 B - a +0 buckler (worn)
 G - a +0 cloak (worn)
Magical Staves
 b - a staff of earth
 u - a staff of poison
Jewellery
 s - a ring of positive energy (left hand)
 w - a ring of resist corrosion
Wands
 z - a wand of roots (19)
 C - a wand of flame (58)
 E - a wand of charming (7)
Scrolls
 v - a scroll of enchant armour
 x - a scroll of identify {@r1}
 F - a scroll of fog
Potions
 c - 6 potions of curing {@q1}
 e - 2 potions of degeneration
 g - 3 potions of attraction
 h - 2 potions of heal wounds {@q2}
 i - 6 potions of mutation
 m - 4 potions of flight {unknown}
 n - 5 potions of haste {unknown}
 o - a potion of magic
 p - a potion of ambrosia {unknown}
 r - a potion of cancellation {unknown}
 A - 2 potions of berserk rage {unknown}
 D - 2 potions of lignification {unknown}


   Skills:
 + Level 9.2 Fighting
 * Level 6.2 Staves
 - Level 1.7 Dodging
 - Level 3.0 Stealth
 - Level 4.9 Shields
 - Level 3.0 Spellcasting
 - Level 6.6 Conjurations
 - Level 3.6 Fire Magic
 - Level 8.3 Earth Magic


You had 9 spell levels left.
You knew the following spells:

 Your Spells              Type           Power      Damage    Failure   Level
a - Foxfire               Conj/Fire      88%        2x1d8     3%          1
b - Scorch                Fire           32%        2d7       10%         2
c - Stone Arrow           Conj/Erth      62%        3d10      3%          3

Your spell library contained the following spells:

 Spells                   Type           Power      Damage    Failure   Level
 Searing Ray              Conj           56%        2d6       2%          2
 Magic Dart               Conj           100%       1d8       1%          1
 Sandblast                Erth           68%        2d15      1%          1
 Passwall                 Tmut/Erth      15%        N/A       8%          2
 Conjure Flame            Conj/Fire      22%        6-21      10%         3
 Dazzling Flash           Conj/Hex       30%        N/A       21%         3
 Apportation              Tloc           4%         N/A       26%         1
 Freeze                   Ice            8%         1d3       26%         1
 Mephitic Cloud           Conj/Pois/Air  11%        N/A       32%         3
 Flame Wave               Conj/Fire      22%        2d8       32%         4
 Inner Flame              Hex/Fire       9%         N/A       36%         3
 Call Imp                 Summ           2%         N/A       38%         2
 Hailstorm                Conj/Ice       15%        3d5       56%         4
 Confusing Touch          Hex            2%         N/A       63%         3
 Frozen Ramparts          Ice            4%         1d1       63%         3
 Agony                    Necr           2%         N/A       100%        5
 Alistair's Intoxication  Tmut/Pois      1%         N/A       100%        5
 Silence                  Hex/Air        1%         N/A       100%        5
 Yara's Violent Unravell  Hex/Tmut       1%         3d3       100%        5
 Enfeeble                 Hex            1%         N/A       100%        7


Dungeon Overview and Level Annotations

Branches:
Dungeon (9/15)             Temple (1/1) D:6         Ossuary (visited)
   Lair: D:8-11         Orc: D:9-12

Altars:
Ashenzari
Cheibriados
Dithmenos
Elyvilon
Fedhas
Gozag
Hepliaklqana
Makhleb
Okawaru
Qazlal
Ru
Sif Muna
Trog
Uskayaw
Vehumet
Wu Jian
Xom
Yredelemnul
Zin
The Shining One

Shops:
D:7 (

Annotations:
D:4 exclusion: orc priest, Pikel
D:5 Ijyb
D:7 Prince Ribbit
D:8 exclusion: hornet
D:9 2 transporters, pigah's ghost, journeyman OpAE


Innate Abilities, Weirdness & Mutations

You cannot be hasted, slowed, berserked, paralysed or teleported.
You can dig through walls and to a lower floor.
You have a pair of large antennae on your head. (SInv)
Your four strong arms can wield two-handed weapons with a shield.


Message History

Confirm with . or Enter, or press ? or * to list all spells.
Flames lash the death yak but do no damage.
The death yak is engulfed in poison gas.
The death yak looks as sick as possible!
The death yak gores you!!
The death yak is engulfed in poison gas.
The death yak looks even sicker.
The death yak is engulfed in poison gas.
The death yak looks as sick as possible!
The death yak gores you!
* * * LOW HITPOINT WARNING * * *
Okay, then.
You feel much better.
The death yak is engulfed in poison gas.
The death yak looks as sick as possible!
The death yak gores you!!
The death yak is engulfed in poison gas.
The death yak looks even sicker.
The death yak gores you.
* * * LOW HITPOINT WARNING * * *
Really walk into that cloud of poison gas?
The death yak attacks as you move away! The death yak gores you!
* * * LOW HITPOINT WARNING * * *
You are engulfed in poison gas.
You are lethally poisoned!
* * * LOW HITPOINT WARNING * * *
x2 You feel very sick.
The death yak is engulfed in poison gas.
The death yak looks as sick as possible!
The death yak is engulfed in poison gas.
The death yak looks as sick as possible!
You feel much better.
You are engulfed in poison gas.
You are lethally poisoned!
* * * LOW HITPOINT WARNING * * *
x2 You feel extremely sick.
The death yak is engulfed in poison gas.
The death yak looks as sick as possible!
Your magical contamination has completely faded away.
The death yak attacks as you move away! The death yak gores you!
* * * LOW HITPOINT WARNING * * *
You die...

#.## #.......# #.# #.###+###
#.# #?# . #.# #.# .. #.# #.#
###.. #†# ####○# .#..( #.#
#######.☼.☼####.....
##'######§§°Y°.☼..○.........
#.....○.○☼.@§YY°☼°..........
#......§.☼.#########........
#.....°...##8WW.oc8##.......
#.........#©yYs.....#.....##
#.........#..#...#..#..#.##
#...<.....#.#.....#.#..#.#
###+####..#....©.$..#..[.#
#..#.#.....#.#...#
#..#..#...#..#..##


You could see 3 death yaks, a wolf spider, a centaur warrior, a yak, a shadow, a
killer bee, an orc wizard and pigah's ghost.

Vanquished Creatures
  2 two-headed ogres
  Maggie (D:6)
  Grinder (D:6)
  A wyvern (D:8)
  Eustachio (D:5)
  A steam dragon (D:8)
  Grum (D:8)
  Menkaure (D:6)
  Edmund (D:5)
  3 ice beasts
  2 sky beasts
  2 black bears
  4 ogres
  3 wolves (D:8)
  A centaur (D:4)
  3 lemures
  A kobold brigand (D:7)
  Blork the orc (D:6)
  5 bullfrogs
  2 gnoll sergeants (D:7)
  A scorpion (D:4)
  A necrophage (D:8)
  3 killer bees (D:9)
  3 howler monkeys (D:9)
  4 hounds
  A jelly (D:8)
  3 iguanas (D:5)
  2 orc wizards
  8 mummies (Ossuary)
  15 gnolls
  4 adders
  2 ufetubi
  A worm (D:2)
  3 dart slugs
  14 orcs
  16 ball pythons
  4 bats
  6 endoplasms
  4 giant cockroaches
  2 gnoll zombies (Ossuary)
  8 goblins
  8 hobgoblins
  6 jackals
  20 kobolds
  6 quokkas
  7 frilled lizards
  2 hobgoblin zombies (Ossuary)
  3 kobold zombies (Ossuary)
  An orc zombie (Ossuary)
  8 rats
203 creatures vanquished.

Vanquished Creatures (others)
  287 foxfires
  A plant (D:7)
288 creatures vanquished.

Grand Total: 491 creatures vanquished

Notes
Turn   | Place    | Note
-------+----------+-------------------------------------------
     0 | D:1      | freelancePsychic the Formicid Fire Elementalist began the
                  | quest for the Orb.
     0 | D:1      | Reached XP level 1. HP: 13/13 MP: 3/3
    69 | D:1      | Reached skill level 1 in Conjurations
   195 | D:1      | Reached XP level 2. HP: 20/20 MP: 0/5
   537 | D:1      | Reached XP level 3. HP: 25/25 MP: 0/6
   885 | D:1      | Learned a level 2 spell: Scorch
  1472 | D:2      | Reached XP level 4. HP: 31/31 MP: 5/8
  1661 | D:2      | Reached skill level 1 in Fighting
  1806 | D:2      | Found a faded altar of an unknown god.
  2860 | D:3      | Reached XP level 5. HP: 37/37 MP: 2/9
  2952 | D:3      | Reached skill level 1 in Earth Magic
  3078 | D:3      | Reached skill level 2 in Fighting
  3264 | D:3      | Noticed a black bear
  3313 | D:3      | Killed a black bear
  3314 | D:3      | Reached XP level 6. HP: 38/46 MP: 0/10
  3677 | D:3      | Found a blossoming altar of Fedhas.
  3691 | D:3      | Found a basalt altar of Yredelemnul.
  3691 | D:3      | Found a shimmering altar of Xom.
  3829 | D:4      | Reached skill level 3 in Fighting
  4139 | D:4      | Noticed Pikel
  4269 | D:4      | Reached XP level 7. HP: 19/52 MP: 1/11
  4468 | D:4      | Learned a level 3 spell: Stone Arrow
  5046 | D:5      | Entered Level 5 of the Dungeon
  5048 | D:5      | Noticed Eustachio
  5113 | D:5      | Noticed Edmund
  5127 | D:5      | Killed Edmund
  5128 | D:5      | Reached skill level 4 in Fighting
  5815 | D:5      | Killed Eustachio
  5816 | D:5      | Reached XP level 8. HP: 61/61 MP: 7/12
  6059 | D:5      | Noticed Ijyb
  6086 | D:5      | Reached skill level 5 in Fighting
  6086 | D:5      | Reached skill level 5 in Earth Magic
  6825 | D:6      | Noticed Grinder
  6825 | D:6      | Found the +7 great mace "Undeadhunter" {disrupt, rN+}
  6834 | D:6      | Killed Grinder
  6835 | D:6      | Reached skill level 5 in Conjurations
  7052 | D:6      | Identified the +1 sling of Megalomania {freeze, MP+9 Str+4
                  | Stlth-}
  7058 | D:6      | Reached skill level 6 in Fighting
  7067 | D:6      | Reached XP level 9. HP: 69/69 MP: 4/13
  7175 | D:6      | Found a staircase to the Ecumenical Temple.
  7186 | Temple   | Entered the Ecumenical Temple
  7280 | Temple   | Became a worshipper of Vehumet
  7390 | D:6      | Noticed Blork the orc
  7394 | D:6      | Killed Blork the orc
  7543 | D:6      | Noticed Menkaure
  7546 | D:6      | Killed Menkaure
  7642 | D:6      | Noticed Maggie
  7753 | D:6      | Found a stormy altar of Qazlal.
  7901 | D:6      | HP: 1/71 [Maggie/bolt of fire (22)]
  7905 | D:6      | Killed Maggie
  8062 | D:7      | Reached skill level 7 in Fighting
  9502 | D:7      | Reached skill level 1 in Shields
  9505 | D:7      | Reached * piety under Vehumet
  9505 | D:7      | Offered knowledge of Shock by Vehumet.
  9733 | D:7      | Found Iruhasoh's Hydra Hut.
  9735 | D:7      | Noticed a four-headed hydra
  9983 | D:8      | Noticed Prince Ribbit
  9987 | D:8      | Reached XP level 10. HP: 70/80 MP: 4/14
 10006 | D:8      | Reached skill level 1 in Staves
 10080 | D:8      | Found a sand-covered staircase.
 10157 | Ossuary  | Entered an ossuary
 10300 | Ossuary  | Reached skill level 8 in Fighting
 10481 | D:7      | Bought a +1 lajatang of flaming for 510 gold pieces
 10600 | D:8      | Noticed a two-headed ogre
 10603 | D:8      | Killed a two-headed ogre
 11259 | D:8      | Noticed Grum
 11267 | D:8      | Killed Grum
 11273 | D:8      | Reached skill level 5 in Staves
 11696 | D:9      | Noticed a two-headed ogre
 11701 | D:9      | Killed a two-headed ogre
 11702 | D:9      | Reached skill level 9 in Fighting
 11891 | D:9      | Offered knowledge of Searing Ray by Vehumet.
 11989 | D:9      | Found a transporter.
 11993 | D:9      | Found a transporter.
 11993 | D:9      | Noticed pigah's ghost (journeyman OpAE)
 11994 | D:9      | Noticed a wolf spider
 11998 | D:9      | Noticed a centaur warrior
 12118 | D:9      | Noticed a death yak
 12138 | D:9      | Noticed a death yak
 12152 | D:9      | Noticed a death yak
 12160 | D:9      | HP: 4/83 [death yak (8)]
 12160 | D:9      | Succumbed to their own poison gas

Illustrated notes

Levels and vault maps discovered:
D:1:      heliophobic_arrival_henge, layout_basic
D:2:      minmay_wonky_spiral, layout_rooms, ebering_ecumenical_altar_rust
D:3:      layout_rooms, minitemple, minmay_randomly_rotated_circles
D:4:      layout_loops_ring, kennysheep_generic_room_7, uniq_pikel
D:5:      layout_basic, uniq_edmund, uniq_ijyb, uniq_eustachio
D:6:      layout_cave_pools, grunt_qazlal_clouds,
          minmay_temple_entry_drinking_statues, uniq_blork_the_orc,
          uniq_menkaure, uniq_grinder, uniq_maggie
D:7:      layout_layer_cave, doesnt_shop_hydraphobe
D:8:      layout_loops_ring, enter_ossuary_3, uniq_grum, uniq_prince_ribbit1
D:9:      layout_roguey, dpeg_lair_monsters, minmay_orc_entry_guard_dogs,
          gammafunk_ghost_arena
Temple:   minmay_temple_bridge_d

Skill      XL: |  1  2  3  4  5  6  7  8  9 10 |
---------------+-------------------------------+-----
Conjurations   | 1 2 3 4 5 6 |  6.6
Stealth        | 3 |  3.0
Fighting       | 1 2 3 4 6 7 9 |  9.2
Spellcasting   | 3 |  3.0
Earth Magic    | 2 3 4 6 8 |  8.3
Shields        | 1 4 |  4.9
Staves         | 6 |  6.2
Dodging        | |  1.7
Fire Magic     | |  3.6

Action                   |  1- 3 |  4- 6 |  7- 9 | 10-12 || total
-------------------------+-------+-------+-------+-------++-------
Melee: Unarmed           |     9 |       |       |       ||     9
       Dagger            |       |    59 |    40 |       ||    99
       Staff             |       |     2 |       |     1 ||     3
       Punch             |       |     2 |     2 |       ||     4
       Quarterstaff      |       |       |    45 |    35 ||    80
       Lajatang          |       |       |       |    20 ||    20
 Cast: Foxfire           |    45 |    44 |    48 |    17 ||   154
       Scorch            |     9 |    53 |    75 |    10 ||   147
       Stone Arrow       |       |       |    30 |    26 ||    56
 Abil: Dig               |       |       |     1 |       ||     1
  Use: Potion            |     1 |       |     7 |     3 ||    11
       Scroll            |       |       |    11 |     6 ||    17
 Stab: Sleeping          |       |     3 |       |       ||     3
Armor: Robe              |     5 |       |       |       ||     5
       Leather armour    |     5 |    29 |     8 |       ||    42
       Acid dragon scale |       |       |    26 |    16 ||    42
Dodge: Dodged            |    26 |    54 |    91 |    23 ||   194
Block: Buckler           |       |       |     1 |    12 ||    13
